 Dungeon Crawl Stone Soup version 0.21.1-1-g345015f (webtiles) character file.

84 Iko the Skirmisher (level 4, 0/45 HPs)
             Began as a Troll Fighter on May 11, 2018.
             Was a Follower of Uskayaw.
             Slain by a kobold (2 damage)
             ... on level 7 of the Dungeon.
             The game lasted 00:06:43 (805 turns).

Iko the Skirmisher (Troll Fighter)                   Turns: 805, Time: 00:06:44

Health: 0/45       AC:  5    Str: 22 (24) XL:     4   Next: 24%
Magic:  3/3        EV:  8    Int:  5      God:    Uskayaw [*.....]
Gold:   29         SH:  9    Dex:  6 (9)  Spells: 3/3 levels left

rFire    . . .     SeeInvis .   a - +0 long sword
rCold    . . .     Gourm    +   c - +1 shield
rNeg     . . .     Faith    .   b - +0 robe
rPois    .         Spirit   .   (helmet restricted)
rElec    .         Reflect  .   (no cloak)
rCorr    .         Harm     .   (gloves unavailable)
MR       .....                  (boots unavailable)
Stlth    +.........             (no amulet)
HPRegen  0.55/turn              (no ring)
MPRegen  0.08/turn              (no ring)

@: lethally poisoned (0 -> -1)
A: large, unfitting armour, claws 3, fast metabolism 3, gourmand, regeneration
1, shaggy fur 1, tough skin 2
a: Stomp, Renounce Religion


You were on level 7 of the Dungeon.
You worshipped Uskayaw.
Uskayaw was noncommittal.
You were not hungry.

You visited 2 branches of the dungeon, and saw 8 of its levels.

You collected 29 gold pieces.

Inventory:

Hand Weapons
 a - a +0 long sword (weapon)
Armour
 b - a +0 robe (worn)
 c - a +1 shield (worn)
Wands
 e - a wand of disintegration (5)
Potions
 d - a potion of might
Comestibles
 f - a ration


   Skills:
 + Level 3.2 Fighting
 + Level 2.4 Long Blades
 + Level 2.8 Dodging
 + Level 2.6 Shields


You had 3 spell levels left.
You didn't know any spells.

Dungeon Overview and Level Annotations

Branches:
Dungeon (7/15)             Temple (1/1) D:7

Altars:
Cheibriados
Dithmenos
Fedhas
Gozag
Hepliaklqana
Makhleb
Okawaru
Qazlal
Ru
Sif Muna
Uskayaw
Vehumet
Wu Jian
Zin
The Shining One


Innate Abilities, Weirdness & Mutations

You are too large for most types of armour.
You have claws for hands.
Your metabolism is lightning-fast.
You like to eat raw meat.
Your natural rate of healing is unusually fast.
You are covered in fur. (AC +1)
You have very tough skin. (AC +2)


Message History

Aim: a killer bee (chance to defeat MR: 73%)
The killer bee struggles to resist.
The killer bee stings you. The kobold hits you.
You block the killer bee's attack.
You slash the killer bee!
The killer bee is heavily wounded.
The killer bee stings you!
* * * LOW HITPOINT WARNING * * *
You block the killer bee's attack. You block the kobold's attack.
The killer bee closely misses you. You block the kobold's attack.
The big kobold hits you but does no damage.
You can now stomp with the beat.
A kobold comes into view. It is wielding a dagger.
You hit the killer bee.
The killer bee is heavily wounded.
You feel sick. The killer bee stings you.
* * * LOW HITPOINT WARNING * * *
You are more poisoned.
The killer bee poisons you! The killer bee barely misses you.
The kobold hits you.
You die...

♣K♣.♣....#
....♣.♣.....#
.#...♣...#..#
.......h...# . #
K.%.h##(####.#
..#.##.##h##§.....#
.....KK #h##.######
.....hK##h##.#
#K@yh5..#
#.##K##.## ...
###...# #.#. #.⌠.#
.....####...#####.
###.###............
#...##.⌠..>..⌠..##
#...##.........##
#.....###...####


You could see a big kobold, a howler monkey, a killer bee, a crimson imp, 2
jackals and 5 kobolds.

Vanquished Creatures
  A centaur zombie (D:7)
  A jelly (D:7)
  An adder (D:2)
  An ooze (D:3)
  An orc (D:3)
  A goblin (D:3)
  2 jackals (D:3)
  A bat (D:3)
9 creatures vanquished.

Notes
Turn   | Place    | Note
-------+----------+-------------------------------------------
     0 | D:1      | Iko the Troll Fighter began the quest for the Orb.
     0 | D:1      | Reached XP level 1. HP: 22/22 MP: 0/0
    32 | D:2      | Reached XP level 2. HP: 11/29 MP: 1/1
   350 | D:5      | Entered Level 5 of the Dungeon
   469 | D:7      | Reached XP level 3. HP: 12/36 MP: 2/2
   478 | D:7      | Found a staircase to the Ecumenical Temple.
   485 | D:7      | Reached skill level 3 in Fighting
   485 | D:7      | Reached XP level 4. HP: 12/45 MP: 3/3
   507 | Temple   | Entered the Ecumenical Temple
   744 | Temple   | Became a worshipper of Uskayaw the Reveler
   780 | D:7      | Found an iron altar of Okawaru.
   801 | D:7      | Noticed a big kobold
   804 | D:7      | Reached * piety under Uskayaw
   805 | D:7      | HP: 2/45 [killer bee (6)]
   805 | D:7      | Slain by a kobold

Skill      XL: |  1  2  3 |
---------------+----------+-----
Long Blades    | 2 |  2.4
Fighting       | 3 |  3.2
Dodging        | |  2.8
Shields        | |  2.6

Action                   |  1- 3 |  4- 6 || total
-------------------------+-------+-------++-------
Melee: Long sword        |    48 |    12 ||    60
Evoke: Wand              |     4 |     1 ||     5
  Use: Potion            |     3 |       ||     3
       Scroll            |     1 |       ||     1
  Eat: Ration            |     1 |     1 ||     2
Armor: Robe              |    25 |     9 ||    34
Dodge: Dodged            |    20 |    13 ||    33
Block: Shield            |    21 |    14 ||    35
       Rpst.: Long sword |     9 |     1 ||    10
